 Dungeon Crawl Stone Soup version 0.28-a0-461-g2dc4ca5097 (webtiles) character file.

Game seed: 13349180324877601891

470 robertstho the Magician (level 7, -9/49 HPs)
             Began as a Djinni Fire Elementalist on Sept 13, 2021.
             Mangled by Duvessa (10 damage)
             ... on level 4 of the Dungeon.
             The game lasted 00:06:26 (5471 turns).

robertstho the Magician (Djinni Fire Elementalist)  Turns: 5471, Time: 00:06:26

Health: -9/49      AC:  9    Str:  7    XL:     7   Next: 31%
Gold:   125        EV: 13    Int: 18    God:
                   SH:  0    Dex: 14

rFire   + + .      SeeInvis +   c - +0 dagger (drain)
rCold   x . .      Faith    .   (no shield)
rNeg    . . .      Spirit   .   a - +0 robe
rPois   ∞          Reflect  .   (no helmet)
rElec   .          Harm     .   (no cloak)
rCorr   .          Rampage  .   g - +2 pair of gloves
Will    .....                   (boots unavailable)
Stlth   ++........              (no amulet)
HPRegen 0.16/turn               f - +4 ring of protection
MPRegen 0.00/turn               j - ring of see invisible

@: flying
A: sickness immunity, fire resistance 2, cold vulnerability 1, float, innate
caster, hp casting, extra vitality 1
a: no special abilities


You were on level 4 of the Dungeon.
You visited 1 branch of the dungeon, and saw 5 of its levels.

You collected 125 gold pieces.

Inventory:

Hand Weapons
 c - a +0 dagger of draining (weapon)
Armour
 a - a +0 robe (worn)
 g - a +2 pair of gloves (worn)
Jewellery
 b - a ring of ice
 f - a +4 ring of protection (left hand)
 j - a ring of see invisible (right hand)
Wands
 h - a wand of paralysis (6)
 k - a wand of mindburst (4)
Scrolls
 d - 2 scrolls of enchant armour
 e - 2 scrolls of fog
 i - a scroll of noise {unknown}
 l - a scroll of immolation {unknown}
 m - 2 scrolls of identify
 o - a scroll of fear {unknown}
Potions
 n - a potion of attraction {unknown}


   Skills:
 * Level 2.3 Fighting
 + Level 2.9 Dodging
 + Level 2.1 Stealth
 * Level 5.3 Spellcasting


You couldn't memorise any spells.
You knew the following spells:

 Your Spells              Type           Power      Damage    Failure   Level
a - Foxfire               Conj/Fire      92%        2x1d8     1%          1
b - Scorch                Fire           46%        2d7       2%          2
c - Conjure Flame         Conj/Fire      23%        6-21      4%          3
d - Inner Flame           Hex/Fire       23%        N/A       4%          3
e - Flame Wave            Conj/Fire      23%        3d6       14%         4
f - Animate Skeleton      Necr           46%        N/A       1%          1
g - Corpse Rot            Necr/Air       N/A        N/A       2%          2
h - Gell's Gravitas       Tloc           11%        N/A       4%          3
Your spell library was empty.

Dungeon Overview and Level Annotations

Branches:
Dungeon (5/15)
 Temple: D:4-7

Altars:

Shops:
D:1 *:[

Annotations:
D:3 2 transporters
D:4 1 runed translucent door, Crazy Yiuf, Duvessa


Innate Abilities, Weirdness & Mutations

You are immune to sickness and miasma.
You are immune to poison.
Your flesh is very heat resistant. (rF++)
You are vulnerable to cold. (rC-)
You float through the air rather than walking.
You learn spells naturally, not from books.
Your magical power is your life essence.
You have superior vitality. (+4 HP)


Message History

Duvessa is lightly wounded. (Press . to intensify the flame waves.) Dowan is no longer more vulnerable to fire.
Duvessa barely misses you.
Unknown command.
A wave of flame ripples out!
The flame wave engulfs Duvessa!
Duvessa is heavily wounded.
The flame wave engulfs Dowan!
Dowan is almost dead.
Duvessa hits you with a +2 short sword of draining.
A wave of flame ripples out!
The flame wave engulfs Duvessa!
Duvessa is almost dead.
The flame wave engulfs Dowan.
You kill Dowan!
Duvessa screams in rage.
Duvessa goes berserk!
You finish channelling waves of flame.
Duvessa hits you with a +2 short sword of draining.
Casting: Flame Wave (quite dangerous; 14% risk of failure)
Confirm with . or Enter, or press ? or * to list all spells.
Flames lash Duvessa.
Duvessa is almost dead.
Duvessa's fire resistance burns away.
Duvessa hits you with a +2 short sword of draining!
Duvessa hits you but does no damage.
Casting: Scorch (safe; 2% risk of failure)
Confirm with . or Enter, or press ? or * to list all spells.
Flames lash the orc.
You kill the orc!
Duvessa hits you with a +2 short sword of draining!
* * * LOW HITPOINT WARNING * * *
Unknown command.
Casting: Scorch (safe; 2% risk of failure)
Confirm with . or Enter, or press ? or * to list all spells.
Flames lash Duvessa.
Duvessa is almost dead.
* * * LOW HITPOINT WARNING * * *
Duvessa hits you with a +2 short sword of draining!
* * * LOW HITPOINT WARNING * * *
Duvessa hits you with a +2 short sword of draining!
You die...

#......#.###.......#####
##...(................>.
#######.#########.#####
#.#########.#####
#.........#.....' #######
#.........#..#### .##.....#
#.........#..#...
......#.###.......[.#......
........)e@)........#.####.
.##.#.#.###.........#.#####
# #.# #.........#)#....
#.#...........#.#.###
#.#.#########.#.#.### #.#.
#...#.... #.# ##.÷##### #.#
#..# #.[#


You could see Duvessa (berserk, combustible).

Vanquished Creatures
  Dowan (D:4)
  3 wights (D:4)
  A gnoll shaman (D:4)
  A hound (D:4)
  Terence (D:3)
  Ijyb (D:3)
  8 gnolls
  3 adders (D:4)
  An adder skeleton (D:4)
  A worm (D:3)
  2 dart slugs
  An orc (D:4)
  3 endoplasms
  13 giant cockroaches
  3 goblins (D:1)
  4 hobgoblins
  8 jackals (D:2)
  4 kobolds
  2 quokkas
  5 ball pythons
  2 bats
  A frilled lizard (D:3)
  A quokka skeleton (D:4)
  15 rats
85 creatures vanquished.

Vanquished Creatures (collateral kills)
  3 foxfires (D:2)
3 creatures vanquished.

Vanquished Creatures (others)
  358 foxfires
  9 plants (D:2)
367 creatures vanquished.

Grand Total: 455 creatures vanquished

Notes
Turn   | Place    | Note
-------+----------+-------------------------------------------
     0 | D:1      | robertstho the Djinni Fire Elementalist began the quest for
                  | the Orb.
     0 | D:1      | Reached XP level 1. HP: 15/15 MP: 0/0
   446 | D:1      | Reached XP level 2. HP: 15/21 MP: 0/0
   539 | D:1      | Found Wotaer's Assorted Antiques.
   685 | D:1      | Reached skill level 3 in Spellcasting
   770 | D:1      | Found Zeok Eru's Book Emporium.
   810 | D:1      | Found Tajestrun's Antique Armour Boutique.
  1206 | D:1      | Reached XP level 3. HP: 20/25 MP: 0/0
  1206 | D:1      | Learned a level 1 spell: Animate Skeleton
  2305 | D:2      | Reached XP level 4. HP: 11/31 MP: 0/0
  2820 | D:2      | Found a faded altar of an unknown god.
  2958 | D:3      | Noticed Terence
  2963 | D:3      | Killed Terence
  2964 | D:3      | Reached skill level 1 in Fighting
  3157 | D:3      | Reached XP level 5. HP: 24/37 MP: 0/0
  3157 | D:3      | Learned a level 2 spell: Corpse Rot
  3442 | D:3      | Found a transporter.
  3612 | D:3      | Found a transporter.
  3833 | D:3      | Noticed Ijyb
  3843 | D:3      | Killed Ijyb
  3844 | D:3      | Reached skill level 4 in Spellcasting
  4406 | D:4      | Reached XP level 6. HP: 31/42 MP: 0/0
  4762 | D:5      | Entered Level 5 of the Dungeon
  5108 | D:4      | Reached XP level 7. HP: 42/49 MP: 0/0
  5108 | D:4      | Learned a level 3 spell: Gell's Gravitas
  5117 | D:4      | Reached skill level 5 in Spellcasting
  5316 | D:4      | Found a runed translucent door.
  5317 | D:4      | Noticed Crazy Yiuf
  5458 | D:4      | Noticed Dowan
  5459 | D:4      | Noticed Duvessa
  5468 | D:4      | Killed Dowan
  5471 | D:4      | HP: 1/49 [Duvessa (8)]
  5471 | D:4      | Mangled by Duvessa

Illustrated notes

Levels and vault maps discovered:
D:1:      minmay_arrival_split_and_join, layout_basic, serial_shops, shop, shop,
          shop, minmay_rat_gold_closets
D:2:      minmay_roachtagon, layout_basic, dilly_ecumenical_altar_fadedgnrine,
          chequers_big_river
D:3:      gammafunk_steamed_eel, layout_basic, nicolae_overflow_hidden_temple,
          kennysheep_big_empty_room, grunt_ministairs_3, uniq_terence, uniq_ijyb
D:4:      layout_basic, trog_butcher_becter, minmay_misc_feat_enclosed,
          minmay_misc_feat_tower, uniq_crazy_yiuf_cottage, uniq_natasha,
          uniq_duvessa
D:5:      layout_basic, minmay_temple_entry_crystal_x,
          minmay_fractal_squares_diagonal_5, uniq_prince_ribbit1,
          uniq_blork_the_orc, uniq_eustachio

Skill      XL: |  1  2  3  4  5  6  7 |
---------------+----------------------+-----
Spellcasting   | 3 4 5 |  5.3
Fighting       | 1 2 |  2.3
Stealth        | 2 |  2.1
Dodging        | |  2.9

Action                   |  1- 3 |  4- 6 |  7- 9 || total
-------------------------+-------+-------+-------++-------
Melee: Dagger            |    13 |       |       ||    13
 Cast: Foxfire           |    96 |   104 |     6 ||   206
       Scorch            |       |    26 |    11 ||    37
       Flame Wave        |       |       |     1 ||     1
  Use: Scroll            |     1 |     3 |       ||     4
       Potion            |     1 |       |       ||     1
Armor: Robe              |    32 |    13 |     1 ||    46
Dodge: Dodged            |    81 |    22 |     4 ||   107

Table legend: (Time is in decaauts)
 A = Elapsed time spent in this place.
 B = Non-inter-level travel time spent in this place.
 C = Inter-level travel time spent in this place.
 D = Time resting spent in this place.
 E = Time spent auto-exploring this place.
 F = Levels seen in this place.
 G = Mean time per level.
                   A        B        C        D        E       F      G
               +--------+--------+--------+--------+--------+-----+--------+
         Total |   5469 |   5309 |    160 |    450 |   4279 |   5 | 1093.8 |
       Dungeon |   5469 |   5309 |    160 |    450 |   4279 |   5 | 1093.8 |
               +--------+--------+--------+--------+--------+-----+--------+

Top non-repeatable levels by time:
     D:1: 1709 daAuts
     D:3: 1404 daAuts
     D:2: 1247 daAuts
     D:4: 1106 daAuts
     D:5: 1 daAuts
